 Dungeon Crawl Stone Soup version 0.31-a0-152-g6aa68a64a1 (webtiles) character file.

Game seed: 9248882194820496284

2 comborobin the Sneak (level 1, -2/13 HPs)
             Began as a Deep Elf Delver on June 10, 2023.
             Slain by an orc
             ... wielding a +0 trident
              (4 damage)
             ... on level 4 of the Dungeon.
             The game lasted 00:00:33 (55 turns).

comborobin the Sneak (Deep Elf Delver)                Turns: 55, Time: 00:00:34

Health: -2/13      AC:  3    Str: 12    XL:     1   Next: 25%
Magic:  3/3        EV: 12    Int: 14    God:
Gold:   6          SH:  0    Dex: 16    Spells: 0/0 levels left

rFire   . . .        h - +7 glaive of Ragnarok {distort, Str+3}
rCold   . . .        (shield currently unavailable)
rNeg    . . .        b - +0 leather armour
rPois   .            (no helmet)
rElec   .            (no cloak)
rCorr   .            (no gloves)
SInv    .            (no boots)
Will    .....        (no amulet)
Stlth   +++          (no ring)
HPRegen 0.22/turn    (no ring)
MPRegen 0.08/turn

%: no passive effects
@: hasted, very quick
A: no striking features
a: no special abilities


You were on level 4 of the Dungeon.
You visited 1 branch of the dungeon, and saw 3 of its levels.

You collected 6 gold pieces.

Inventory:

Hand Weapons
 a - a +0 short sword
 h - the +7 glaive of Ragnarok (weapon) {distort, Str+3}
   (You found it on level 6 of the Dungeon)

   Str:       It affects your strength (+3).
Armour
 b - a +0 leather armour (worn)
Wands
 g - a wand of digging (3)
Scrolls
 c - a scroll of fog
 d - a scroll of magic mapping
 e - a scroll of fear
 f - a scroll of identify {unknown}


   Skills:
 - Level 2.4 Fighting
 - Level 2.0 Short Blades
 + Level 1.0 Ranged Weapons
 - Level 2.4 Dodging
 - Level 6.0 Stealth


You couldn't memorise any spells.
You didn't know any spells.
Your spell library was empty.

Dungeon Overview and Level Annotations

Branches:
Dungeon (6/15)
 Temple: D:4-7

Altars:


Message History

There is a stone staircase leading down here.
Really wield
h - the +7 glaive of Ragnarok {distort, Str+3}?
You feel stronger. Space warps around you for a moment!
h - the +7 glaive of Ragnarok (weapon)
{distort, Str+3} Unknown command.
Unknown command.
Found a scroll labelled GEBOUB SICHOIXT.
Found 2 golden potions.
Found a stone staircase leading up.
Found a stone staircase leading down.
There is a stone staircase leading up here.
f - a scroll labelled GEBOUB SICHOIXT
Found a golden potion.
Found 4 gold pieces.
i - 2 golden potions
There is a stone staircase leading up here.
You climb upwards.
The orc shouts!
You hear a shout!
Found a scroll of magic mapping.
There is a stone staircase leading down here.
An orc priest comes into view.
It is wielding a +1 flail of protection.
An orc comes into view. It is wielding a +0 trident.
You closely miss the orc.
The orc shouts!
You hit the orc.
Space warps around the orc.
You kill the orc!
Your Ranged Weapons skill increases to level 1!
It was a potion of curing.
You feel better.
A goblin comes into view. It is wielding a +0 club.
You closely miss the orc. The orc closely misses you.
The orc priest calls down the wrath of Beogh upon you.
Beogh smites you!
Ouch! That really hurt!
* * * LOW HITPOINT WARNING * * *
You are too injured to fight recklessly!
You are too injured to fight recklessly!
You feel better. The orc hits you with a +0 falchion.
* * * LOW HITPOINT WARNING * * *
The orc hits you from afar with a +0 trident.
You die...

.# ..######.
....#... ......##
##.....###
#....#... ###
#.).###.#...
#...###...@oo.....
#..>..#####o#...
......##### ....?
####


You could see an orc priest and 2 orcs.

Vanquished Creatures
  An orc (D:4)
1 creature vanquished.

Notes
Turn   | Place    | Note
-------+----------+-------------------------------------------
     0 | D:5      | comborobin the Deep Elf Delver began the quest for the Orb.
     0 | D:5      | Reached XP level 1. HP: 13/13 MP: 3/3
    17 | D:6      | Noticed a hound
    18 | D:6      | Identified the +7 glaive of Ragnarok {distort, Str+3}
    18 | D:6      | Noticed a black bear
    48 | D:4      | Noticed an orc priest
    51 | D:4      | Reached skill level 1 in Ranged Weapons
    55 | D:4      | Slain by an orc

Illustrated notes

Levels and vault maps discovered:
D:4:      layout_rooms, nicolae_shop_firing_range, uniq_ijyb
D:5:      layout_loops_ring, chequers_temple_overflow_minitemple,
          minmay_temple_entry_stoned_glass
D:6:      layout_layer_cave, dk_yredelemnul_ordeal, serial_shops, shop,
          dk_noncrumbling_2, uniq_eustachio

Skill      XL: |  1 |
---------------+----+-----
Ranged Weapons | 1 |  1.0
Fighting       | |  2.4
Short Blades   | |  2.0
Dodging        | |  2.4
Stealth        | |  6.0

Action                     || total
---------------------------++-------
  Melee: Glaive            ||     3
    Use: Potion            ||     3
  Dodge: Dodged            ||     1

Table legend: (Time is in decaauts)
 A = Elapsed time spent in this place.
 B = Non-inter-level travel time spent in this place.
 C = Inter-level travel time spent in this place.
 D = Time resting spent in this place.
 E = Time spent auto-exploring this place.
 F = Levels seen in this place.
 G = Mean time per level.
                   A        B        C        D        E       F      G
               +--------+--------+--------+--------+--------+-----+--------+
         Total |     45 |     45 |      0 |      0 |      0 |   3 |   15.0 |
       Dungeon |     45 |     45 |      0 |      0 |      0 |   3 |   15.0 |
               +--------+--------+--------+--------+--------+-----+--------+

Top non-repeatable levels by time:
     D:5: 20 daAuts
     D:6: 16 daAuts
     D:4: 7 daAuts
